 Dungeon Crawl Stone Soup version 0.31-a0-236-g9a0961fb85 (webtiles) character file.

Game seed: 9055341086363191595

305 qw the Shooter (level 6, -5/36 HPs)
             Began as a Gargoyle Hexslinger on July 10, 2023.
             Slain by Pikel
             ... wielding a +2 whip of freezing
              (6 damage)
             ... on level 4 of the Dungeon.
             The game lasted 00:01:15 (2778 turns).

qw the Shooter (Gargoyle Hexslinger)                Turns: 2778, Time: 00:01:15

Health: -5/36      AC: 12    Str: 12    XL:     6   Next: 39%
Magic:  7/7        EV: 10    Int: 13    God:
Gold:   152        SH:  0    Dex: 14    Spells: 6/7 levels left

rFire   . . .        Y - +2 sling
rCold   . . .        (no shield)
rNeg    + . .        g - +0 ring mail
rPois   inf          c - +2 helmet
rElec   +            (no cloak)
rCorr   .            (no gloves)
SInv    .            (no boots)
Will    +....        (no amulet)
Stlth   +            a - ring of willpower
HPRegen 0.26/turn    (no ring)
MPRegen 0.10/turn

%: no passive effects
@: no status effects
A: sickness immunity, AC +4, negative energy resistance 1, electricity
resistance, torment resistance 1, petrification resistance
a: no special abilities


You were on level 4 of the Dungeon.
You visited 1 branch of the dungeon, and saw 4 of its levels.

You collected 152 gold pieces.


Innate Abilities, Weirdness & Mutations

You are immune to sickness and miasma.
Your stone body is resilient. (AC +4)
You are immune to poison.
You resist negative energy. (rN+)
You are resistant to electric shocks. (rElec)
You are resistant to unholy torment.
You are immune to petrification.


   Skills:
 + Level 2.3 Fighting
 - Level 6.1 Ranged Weapons
 - Level 1.0 Armour
 - Level 1.5 Dodging
 - Level 1.0 Spellcasting
 - Level 2.6 Hexes


You had 6 spell levels left.
You knew the following spells:

 Your Spells              Type           Power      Damage    Failure   Level
a - Slow                  Hex            28%        N/A       22%         1

Your spell library contained the following spells:

 Spells                   Type           Power      Damage    Failure   Level
 Inner Flame              Hex/Fire       4%         N/A       73%         3
 Portal Projectile        Hex/Tloc       8%         N/A       73%         3
 Cause Fear               Hex            3%         N/A       91%         4

Inventory:

Hand Weapons
 Y - a +2 sling (weapon)
Armour
 c - a +2 helmet (worn)
 g - a +0 ring mail (worn)
Jewellery
 a - a ring of willpower (left hand)
Scrolls
 i - a scroll of identify
Potions
 b - a potion of curing {unknown}
 d - a potion of lignification {unknown}
 e - a potion of enlightenment {unknown}
 f - a potion of magic {unknown}
 h - a potion of resistance {unknown}

Dungeon Overview and Level Annotations

Branches:
Dungeon (4/15)
 Temple: D:4-7

Altars:
Ashenzari
Gozag

Shops:
D:1 =

Annotations:
D:4 Pikel


Message History

Pikel is severely wounded.
Pikel closely misses you.
You shoot a sling bullet.
The sling bullet hits Pikel but does no damage.
Pikel is severely wounded.
Pikel hits you but does no damage.
You shoot a sling bullet.
The sling bullet hits Pikel but does no damage.
Pikel is severely wounded.
Pikel barely misses you.
You shoot a sling bullet. The sling bullet closely misses Pikel.
The sling bullet hits the lemure!
You kill the lemure!
That felt strangely unrewarding.
Pikel hits you with a +2 whip of freezing.
Pikel freezes you.
You shoot a sling bullet. The sling bullet hits Pikel.
Pikel is severely wounded.
Pikel closely misses you. x2
You shoot a sling bullet. The sling bullet hits Pikel.
Pikel is almost dead.
Pikel hits you but does no damage.
You shoot a sling bullet.
The sling bullet hits Pikel but does no damage.
Pikel is almost dead.
Pikel hits you with a +2 whip of freezing.
Pikel freezes you.
You shoot a sling bullet. The sling bullet closely misses Pikel.
The sling bullet misses the lemure.
Pikel hits you with a +2 whip of freezing.
Pikel freezes you.
You shoot a sling bullet. The sling bullet closely misses Pikel.
The sling bullet closely misses the lemure.
Pikel barely misses you.
You shoot a sling bullet.
The sling bullet hits Pikel but does no damage.
Pikel is almost dead.
Pikel hits you but does no damage.
Pikel hits you with a +2 whip of freezing.
You die...

.#####.............
#...#............. .
#...+............. ..
#...#............. ...
#...#............. ....
#...#............. .....
#...###.........##
.....5#.....#.........#.
.....5K@....#.........#.
.....5#.....#.........#.
..... #....##.........##
.......#....#.....##'####
.......#....#.....#......
.......#....#.....#......
.......#....#.....#......
.......#....#.....#......
.......##...#.....###...#


You could see Pikel and 3 lemures.

Vanquished Creatures
  Sigmund (D:4)
  A lemure (D:4)
  Robin (D:3)
  3 adders (D:4)
  A river rat (D:4)
  A worm (D:2)
  A dart slug (D:2)
  6 ball pythons
  4 endoplasms
  7 giant cockroaches
  18 goblins
  9 hobgoblins
  2 jackals (D:3)
  4 kobolds
  6 quokkas
  9 bats
  8 frilled lizards
  7 rats
89 creatures vanquished.

Notes
Turn   | Place    | Note
-------+----------+-------------------------------------------
     0 | D:1      | qw the Gargoyle Hexslinger began the quest for the Orb.
     0 | D:1      | Reached XP level 1. HP: 12/12 MP: 2/2
     0 | D:1      | 0 ||| qw: Version: 0.3-a-52-g30416fa
     0 | D:1      | 0 ||| qw: Game counter: 4716
     0 | D:1      | 0 ||| qw: Melee chars always use a shield: true
     0 | D:1      | 0 ||| qw: God list: Okawaru
     0 | D:1      | 0 ||| qw: Allow faded altars: false
     0 | D:1      | 0 ||| qw: Do Orc after clearing Dungeon:15 true
     0 | D:1      | 0 ||| qw: Do second Lair branch before Depths: true
     0 | D:1      | 0 ||| qw: Lair rune preference: random
     0 | D:1      | 0 ||| qw: Goals: Normal
     0 | D:1      | 0 ||| PLANNING D:1-11
   149 | D:1      | Reached XP level 2. HP: 16/16 MP: 3/3
   265 | D:1      | Reached skill level 3 in Ranged Weapons
   435 | D:1      | Found Paowam's Jewellery Shoppe.
   440 | D:1      | 440 ||| SHOPLISTING +6 ring of strength (360 gold, have
                  | 20).
   440 | D:1      | 440 ||| SHOPLISTING amulet of regeneration (300 gold, have
                  | 20).
   440 | D:1      | 440 ||| SHOPLISTING ring of fire (250 gold, have 20).
   440 | D:1      | 440 ||| SHOPLISTING ring of see invisible (150 gold, have
                  | 20).
   440 | D:1      | 440 ||| SHOPLISTING ring of the Hare {EV+10} (1280 gold,
                  | have 20).
   600 | D:1      | Reached XP level 3. HP: 14/21 MP: 4/4
   916 | D:1      | 916 ||| UPGRADING to +0 ring mail.
   926 | D:1      | 926 ||| DROPPING +0 robe.
   927 | D:1      | 927 ||| READING scroll labelled NAPODOIXUR.
  1028 | D:1      | 1028 ||| DROPPING scroll of poison.
  1049 | D:2      | 1049 ||| STAIRDANCE
  1344 | D:2      | Found a faded altar of an unknown god.
  1558 | D:2      | 1558 ||| READING scroll labelled BEUXEE DUSYLI.
  1559 | D:2      | 1559 ||| READING 2 scrolls labelled DICKOV IMITZ.
  1564 | D:2      | 1564 ||| READING scroll labelled SANUEL SYMUSE.
  1565 | D:2      | 1565 ||| READING scroll labelled ROB IKUDUOWYWN.
  1566 | D:2      | 1566 ||| READING scroll labelled ASASTR AJIDGH.
  1649 | D:3      | Reached XP level 4. HP: 26/26 MP: 5/5
  1651 | D:3      | Noticed Robin
  1652 | D:3      | 1652 ||| Stepping ~*~*~tactically~*~*~ (outnumbered).
  1659 | D:3      | Reached skill level 4 in Ranged Weapons
  1666 | D:3      | Killed Robin
  1667 | D:3      | Reached skill level 1 in Armour
  1668 | D:3      | HP: 5/26 [goblin/+0 club[Robin] (5)]
  1669 | D:3      | 1669 ||| READING scroll of teleportation.
  1670 | D:3      | HP: 1/26 [goblin/+0 club[Robin] (3)]
  1802 | D:3      | Found a broken altar of Ashenzari.
  2285 | D:3      | 2285 ||| UPGRADING to +2 helmet.
  2290 | D:3      | 2290 ||| UPGRADING to ring of willpower.
  2291 | D:3      | 2291 ||| READING scroll labelled DOFFOADD UNUU.
  2292 | D:3      | 2292 ||| READING 2 scrolls of identify.
  2292 | D:3      | 2292 ||| IDENTIFYING metallic orange potion
  2293 | D:3      | 2293 ||| DROPPING potion of brilliance.
  2309 | D:4      | 2309 ||| PLANNING SEWER
  2331 | D:4      | Reached XP level 5. HP: 8/30 MP: 6/6
  2416 | D:4      | Noticed Sigmund
  2429 | D:4      | HP: 6/30 [something (7)]
  2430 | D:4      | Killed Sigmund
  2431 | D:4      | Reached skill level 6 in Ranged Weapons
  2431 | D:4      | Reached XP level 6. HP: 7/35 MP: 7/7
  2543 | D:4      | Found an opulent altar of Gozag.
  2749 | D:4      | Noticed Pikel
  2772 | D:4      | HP: 8/36 [Pikel/+2 whip of freezing (5)]
  2775 | D:4      | HP: 3/36 [Pikel/+2 whip of freezing (5)]
  2776 | D:4      | HP: 1/36 [Pikel/+2 whip of freezing (1)]
  2778 | D:4      | Slain by Pikel

Levels and vault maps discovered:
D:1:      lightli_arrival_statuegarden, layout_loops_corners, serial_shops,
          nicolae_shop_hallway_plus, minmay_worlds_worst_comb
D:2:      layout_rooms, shapermc_ecumenical_altar_ellora, minmay_lizard_pond
D:3:      layout_loops_cross, mainiacjoe_overflow_tiny_flanked, uniq_robin
D:4:      layout_gridville, grunt_gozag_breadcrumbs, portal_sewer_entry_e,
          uniq_ijyb, uniq_sigmund, uniq_menkaure, uniq_pikel

Skill      XL: |  1  2  3  4  5 |
---------------+----------------+-----
Ranged Weapons | 3 4 6 |  6.1
Fighting       | 2 |  2.3
Armour         | 1 |  1.0
Dodging        | |  1.5
Spellcasting   | |  1.0
Hexes          | |  2.6

Action                     |  1- 3 |  4- 6 || total
---------------------------+-------+-------++-------
   Fire: Sling             |   151 |   152 ||   303
    Use: Scroll            |     6 |     3 ||     9
 Armour: Robe              |     8 |       ||     8
         Ring mail         |    43 |    69 ||   112
  Dodge: Dodged            |    65 |    77 ||   142

Table legend:
 A = Non-vault XP
 B = Vault XP
 C = Vault XP percentage of total XP
 D = Non-vault monster count
 E = Vault monster count
 F = Vault count percentage of total count
                 A         B        C        D         E       F
            +---------+---------+-------+---------+---------+-------
      Total |     123 |     313 |  71.8 |      57 |      31 |  35.2
            +---------+---------+-------+---------+---------+-------
        D:1 |      31 |      12 |  27.9 |      17 |       7 |  29.2
        D:2 |      28 |       2 |   6.7 |      14 |       2 |  12.5
        D:3 |      31 |      39 |  55.7 |      20 |      13 |  39.4
        D:4 |      33 |     260 |  88.7 |       6 |       9 |  60.0
            +---------+---------+-------+---------+---------+-------
